Map: Altitude LE

Players

ykk

  • Race: Terran Terran
  • League: Silver
  • Spawn Location: 7:00

winzboy - Winner!

  • Race: Protoss Protoss
  • League: Gold
  • Spawn Location: 1:00

VOD

Have the link to the VOD?

Description

Time

  • Played on: May 27, 2023, 12:11 a.m.
  • Length: 9:27
Show
View Real Time Build Order
Export as new Build Order

ykk Terran 

Build Orders: 1/1/1 

Get SALT Encoding   

  12  0:02  SCV  
  13  0:15  SCV  
  14  0:23  Supply Depot  
  14  0:30  SCV, Refinery  
  15  0:45  SCV  
  15  0:48  Barracks  
  16  0:59  Supply Depot  
  16  1:06  Refinery  
  16  1:07  SCV  
  17  1:19  SCV  
  18  1:31  SCV  
  19  1:39  Marine, Factory  
  20  1:43  SCV  
  21  1:55  SCV  
  21  1:57  Marine  
  23  2:07  SCV  
  24  2:10  Supply Depot  
  24  2:19  SCV  
  25  2:25  Starport, Factory Tech Lab  
  25  2:26  Marine  
  26  2:43  Marine  
  27  2:45  Orbital Command  
  27  3:01  Marine, Siege Tank  
  31  3:12  Medivac  
  31  3:19  Marine  
  34  3:35  Siege Tank  
  34  3:37  Marine  
  38  3:42  Medivac  
  40  3:55  Marine  
  41  4:02  Command Center  
  41  4:06  Engineering Bay  
  41  4:23  Marine, Siege Tank  
  45  4:32  Medivac  
  47  4:53  Marine  
  40  5:10  Marine  
  33  5:28  Marine  
  34  5:46  Marine  
  34  5:49  Siege Tank  
  38  6:04  Marine  
  39  6:21  SCV  
  39  6:22  Marine  
  41  6:28  Missile Turret  
  41  6:29  Starport Tech Lab  
  41  6:33  SCV  
  41  6:35  Fusion Core  
  41  6:39  Marine  
  42  6:45  SCV  
  44  6:57  Marine, SCV  
  44  7:01  Viking  
  48  7:04  Siege Tank  
  51  7:09  SCV  
  51  7:15  SCV, Marine  
  53  7:17  Armory  
  53  7:19  Refinery  
  53  7:20  Refinery  
  54  7:27  SCV  
  55  7:31  Viking  
  55  7:33  Marine  
  55  7:36  Siege Tank  
  61  7:39  SCV  
  62  7:51  Marine, SCV  
  55  8:03  SCV  
  56  8:08  Marine  
  57  8:26  Marine  
  49  8:41  SCV  
  50  8:44  Marine  
  51  8:53  SCV  
  52  8:56  Supply Depot  
  52  8:57  Supply Depot  
  52  8:58  Supply Depot  
  52  9:03  Supply Depot  
  52  9:05  SCV  
  52  9:08  Supply Depot  
Show
View Real Time Build Order
Export as new Build Order

winzboy Protoss - Winner!

Build Orders:  

Get SALT Encoding   

  12  0:01  Probe  
  13  0:17  Pylon  
  13  0:18  Probe  
  14  0:31  Probe  
  15  0:38  Gateway  
  15  0:43  Assimilator  
  15  0:54  Probe (Chrono Boost)  
  17  1:04  Probe (Chrono Boost)  
  17  1:09  Probe (Chrono Boost)  
  18  1:20  Probe  
  19  1:26  Cybernetics Core  
  19  1:45  Nexus  
  19  1:55  Probe  
  19  1:59  Warp Gate (Chrono Boost)  
  19  2:00  Assimilator  
  20  2:07  Probe  
  21  2:09  Stalker  
  23  2:26  Pylon  
  23  2:31  Gateway  
  23  2:44  Probe  
  23  2:47  Shield Battery  
  24  2:56  Probe  
  25  3:02  Gateway  
  25  3:04  Gateway  
  25  3:06  Stalker (Chrono Boost)  
  25  3:08  Probe  
  28  3:13  Probe  
  29  3:21  Probe  
  29  3:25  Probe  
  31  3:33  Probe  
  32  3:34  Pylon  
  32  3:37  Probe  
  33  3:41  Stalker  
  33  3:45  Probe  
  36  3:49  Probe  
  36  3:53  Pylon  
  37  3:57  Probe  
  38  4:12  Pylon  
  38  4:18  Zealot x3, Robotics Facility  
  44  4:25  Gateway  
  44  4:27  Pylon  
  44  4:42  Stalker  
  44  4:43  Stalker x2  
  50  4:46  Probe x2  
  52  4:58  Probe x2  
  48  5:09  Stalker  
  48  5:10  Stalker  
  52  5:18  Zealot  
  52  5:30  Probe x2  
  52  5:35  Zealot x2  
  58  5:42  Probe x2, Assimilator  
  60  5:44  Assimilator  
  60  5:47  Pylon  
  60  5:49  Pylon  
  60  5:54  Probe  
  60  5:56  Zealot  
  63  5:57  Zealot x2  
  63  5:59  Gateway  
  63  6:01  Gateway  
  67  6:04  Twilight Council  
  67  6:06  Stalker  
  67  6:08  Probe x2  
  70  6:15  Pylon  
  70  6:18  Stalker  
  70  6:19  Stalker x2  
  70  6:20  Probe x2  
  78  6:32  Probe  
  79  6:33  Probe, Observer  
  79  6:37  Charge (Chrono Boost)  
  81  6:53  Pylon  
  81  7:04  Nexus  
  81  7:06  Pylon  
  81  7:08  Pylon  
  81  7:15  Gateway  
  81  7:17  Gateway, Stalker  
  81  7:18  Stalker  
  81  7:19  Gateway  
  85  7:28  Stalker  
  85  7:29  Stalker x2  
  91  7:35  Zealot  
  93  7:42  Templar Archives  
  93  7:45  Pylon  
  93  7:51  Probe x2  
  95  7:54  Forge  
  95  7:56  Stalker  
  96  8:08  Zealot x2  
  96  8:09  Zealot x2  
  104  8:29  Zealot  
  104  8:30  Zealot x3  
  112  8:50  Photon Cannon  
  112  8:58  Zealot x3  
  112  8:59  Zealot  
  120  9:09  Photon Cannon  
  120  9:12  Pylon  
  120  9:14  Pylon  
  106  9:25  Zealot  
Tags
 
Matchup
PvT
Opening
1/1/1
Replay Pack
Multiplayer
Spawn Locations
Cross Positions
Add a new tag
Caveats
  • Supply blocks, unpowered buildings, or Contaminate may cause inaccurate times.
  • Supply counts are checked every 10 seconds.